 Dungeon Crawl Stone Soup version 0.32-a0-612-g1c984fe9d1 (webtiles) character file.

Game seed: 1350894333112239715

59 growler the Charlatan (level 4, -4/34 HPs)
             Began as a Coglin Artificer on Mar 4, 2024.
             Slain by a gnoll
             ... wielding a +0 spear
              (7 damage)
             ... on level 2 of the Dungeon.
             The game lasted 00:04:59 (771 turns).

growler the Charlatan (Coglin Artificer)             Turns: 771, Time: 00:05:00

Health: -4/34      AC:  3    Str: 14    XL:     4   Next: 3%
Magic:  4/4        EV: 11    Int: 11    God:
Gold:   20         SH:  0    Dex: 14    Spells: 3/3 levels left

rFire   . . .        i - +3 dagger {Umi}
rCold   . . .        f - +0 dagger {Suni}
rNeg    . . .        b - +0 leather armour
rPois   .            (no helmet)
rElec   .            (no cloak)
rCorr   .            (no gloves)
SInv    .            (no boots)
Will    .....        (amulet unavailable)
Stlth   +            (ring unavailable)
HPRegen 0.25/turn    (ring unavailable)
MPRegen 0.09/turn    (no gizmo)

%: no passive effects
@: revved
A: off-hand wielding, slow wielding, warmup strikes, no jewellery
a: Invent Gizmo


You were on level 2 of the Dungeon.
You visited 1 branch of the dungeon, and saw 2 of its levels.

You collected 20 gold pieces.

Inventory:

Hand Weapons
 a - a +0 club {Teicuih}
 f - a +0 dagger (offhand) {Suni}
 i - a +3 dagger (weapon) {Umi}
Armour
 b - a +0 leather armour (worn)
Wands
 c - a wand of flame (13) (quivered)
 d - a wand of charming (15)
 e - a wand of iceblast (5)
Scrolls
 j - a scroll of revelation {unknown}
 k - a scroll of poison {unknown}
 l - 2 scrolls of identify {unknown}
 m - a scroll of vulnerability {unknown}
Potions
 g - 2 potions of heal wounds {unknown}
 h - a potion of curing {unknown}


   Skills:
 + Level 2.4 Fighting
 + Level 1.2 Short Blades
 - Level 1.7 Armour
 - Level 0.8 Dodging
 - Level 0.7 Stealth
 + Level 5.0 Evocations


You had 3 spell levels left.
You didn't know any spells.
Your spell library was empty.

Dungeon Overview and Level Annotations

Branches:
Dungeon (2/15)

Altars:

Annotations:
D:1 2 transporters


Innate Abilities, Weirdness & Mutations

You can wield a second weapon in your off-hand.
It takes a long time for you to wield or remove held weapons.
Your first few attacks do less damage.
You cannot equip rings or amulets.


Message History

The gnoll hits you from afar with a +0 spear.
The gnoll hits you but does no damage.
You hit the gnoll with your +3 dagger.
The gnoll is moderately wounded.
You hit the gnoll but do no damage. The gnoll hits you with a +0 spear.
You barely miss the gnoll with your +3 dagger.
The gnoll is moderately wounded.
You hit the gnoll but do no damage. The gnoll hits you with a +0 spear.
You hit the gnoll but do no damage.
The gnoll is moderately wounded.
You hit the gnoll but do no damage. The gnoll barely misses you.
You hit the gnoll with your +0 dagger.
The gnoll is moderately wounded.
You hit the gnoll with your +3 dagger. The gnoll barely misses you.
You hit the gnoll with your +0 dagger.
The gnoll is severely wounded.
You barely miss the gnoll with your +3 dagger.
The gnoll hits you with a +0 spear!
* * * LOW HITPOINT WARNING * * *
You closely miss the gnoll with your +3 dagger.
The gnoll is severely wounded.
You hit the gnoll but do no damage. The gnoll hits you with a +0 spear.
* * * LOW HITPOINT WARNING * * *
You hit the gnoll with your +3 dagger.
The gnoll is severely wounded.
You barely miss the gnoll with your +0 dagger.
The gnoll hits you with a +0 spear.
* * * LOW HITPOINT WARNING * * *
Unknown command.
Aiming: Throw Flame
Press: ? - help, Shift-Dir - straight line, f - gnoll
Aim: a gnoll, wielding a +0 spear (severely wounded, 77% to hit)
The puff of flame misses the gnoll.
The gnoll barely misses you.
Aiming: Throw Flame
Press: ? - help, Shift-Dir - straight line, f/p - gnoll
Aim: a gnoll, wielding a +0 spear (severely wounded, 77% to hit)
The puff of flame misses the gnoll.
A gnoll comes into view. It is wielding a +0 flail.
The gnoll hits you with a +0 spear!
You die...

... # ##..#.#
...#.## ......+
#####.....#
##..!##..g.#
#.....#....##
#)†..@g.....# .
#.....#.....###
..^##.?:##........
#..#####..##.....
##........# ###.
#.......#.#
#.#####.#.#
#..[..#.#
#.......###


You could see 2 gnolls.

Vanquished Creatures
  Jessica (D:2)
  A ribbon worm (D:2)
  4 bats (D:1)
  5 hobgoblins (D:1)
  4 jackals (D:1)
  A kobold (D:1)
  3 quokkas
  2 ball pythons (D:1)
  4 frilled lizards
  3 goblins (D:1)
  A rat (D:1)
29 creatures vanquished.

Notes
Turn   | Place    | Note
-------+----------+-------------------------------------------
     0 | D:1      | growler the Coglin Artificer began the quest for the Orb.
     0 | D:1      | Reached XP level 1. HP: 15/15 MP: 1/1
    62 | D:1      | Found a faded altar of an unknown god.
   108 | D:1      | Reached XP level 2. HP: 20/21 MP: 2/2
   439 | D:1      | Reached XP level 3. HP: 27/27 MP: 3/3
   748 | D:2      | Noticed Jessica
   759 | D:2      | Killed Jessica
   760 | D:2      | Reached skill level 1 in Short Blades
   760 | D:2      | Reached skill level 5 in Evocations
   760 | D:2      | Reached XP level 4. HP: 27/34 MP: 4/4
   771 | D:2      | Slain by a gnoll

Illustrated notes

Levels and vault maps discovered:
D:1:      spicycebolla_arrival_transporter_tutorial, layout_basic,
          basic_ecumenical_altar
D:2:      layout_basic, kennysheep_another_room, kennysheep_jessica_study

Skill      XL: |  1  2  3 |
---------------+----------+-----
Fighting       | 2 |  2.4
Short Blades   | 1 |  1.2
Evocations     | 5 |  5.0
Armour         | |  1.7
Dodging        | |  0.8
Stealth        | |  0.7

Action                     |  1- 3 |  4- 6 || total
---------------------------+-------+-------++-------
  Melee: Club              |    24 |       ||    24
         Dagger            |   121 |    14 ||   135
  Evoke: Wand              |       |     2 ||     2
   Stab: Sleeping          |     1 |       ||     1
 Armour: Leather armour    |    55 |     8 ||    63
  Dodge: Dodged            |    56 |     3 ||    59

Table legend: (Time is in decaauts)
 A = Elapsed time spent in this place.
 B = Non-inter-level travel time spent in this place.
 C = Inter-level travel time spent in this place.
 D = Time resting spent in this place.
 E = Time spent auto-exploring this place.
 F = Levels seen in this place.
 G = Mean time per level.
                   A        B        C        D        E       F      G
               +--------+--------+--------+--------+--------+-----+--------+
         Total |    772 |    751 |     21 |     22 |    485 |   2 |  386.0 |
       Dungeon |    772 |    751 |     21 |     22 |    485 |   2 |  386.0 |
               +--------+--------+--------+--------+--------+-----+--------+

Top non-repeatable levels by time:
     D:1: 681 daAuts
     D:2: 90 daAuts
